 Dungeon Crawl Stone Soup version 0.31.0-12-g77e489cdc1 (webtiles) character file.

Game seed: 2638589506334015475

175 PriceMaster the Gusty (level 5, 0/28 HPs)
             Began as a Tengu Air Elementalist on Feb 12, 2024.
             Succumbed to an adder's poison
             ... on level 3 of the Dungeon.
             The game lasted 00:03:34 (1468 turns).

PriceMaster the Gusty (Tengu Air Elementalist)      Turns: 1468, Time: 00:03:35

Health: 0/28       AC:  3    Str:  8    XL:     5   Next: 55%
Magic:  0/10       EV: 12    Int: 17    God:
Gold:   65         SH:  0    Dex: 15    Spells: 6/10 levels left

rFire   . . .        c - +2 dagger (drain)
rCold   . . .        (no shield)
rNeg    . . .        a - +0 robe
rPois   .            (helmet restricted)
rElec   .            (no cloak)
rCorr   .            f - +0 pair of gloves
SInv    .            (boots unavailable)
Will    +....        (no amulet)
Stlth   ++           (no ring)
HPRegen 0.24/turn    (no ring)
MPRegen 0.12/turn

%: acrobat
@: lethally poisoned (0 -> -5), swift, attractive, enlightened, flying, quick
A: beak, talons 3, acrobatic
a: no special abilities


You were on level 3 of the Dungeon.
You visited 1 branch of the dungeon, and saw 3 of its levels.

You collected 65 gold pieces.

Inventory:

Hand Weapons
 c - a +2 dagger of draining (weapon)
 l - a +0 halberd
Armour
 a - a +0 robe (worn)
 f - a +0 pair of gloves (worn)
 k - a +0 helmet
Scrolls
 i - a scroll of teleportation
Potions
 b - a potion of magic


   Skills:
 + Level 0.2 Fighting
 + Level 0.4 Short Blades
 + Level 2.5 Dodging
 + Level 2.3 Stealth
 + Level 3.0 Spellcasting
 + Level 3.1 Conjurations
 + Level 6.0 Air Magic


You had 6 spell levels left.
You knew the following spells:

 Your Spells              Type           Power      Damage    Failure   Level
a - Shock                 Conj/Air       72%        1d7       2%          1
b - Swiftness             Air            23%        N/A       4%          3

Your spell library contained the following spells:

 Spells                   Type           Power      Damage    Failure   Level
 Static Discharge         Conj/Air       36%        3-5/arc   4%          2
 Airstrike                Air            11%        2d(2-18)  14%         4


Dungeon Overview and Level Annotations

Branches:
Dungeon (3/15)

Altars:

Portals:
Sewer: D:3


Innate Abilities, Weirdness & Mutations

You have a beak for a mouth.
You have claws for feet.
You can magically evade attacks while moving or waiting.


Message History

The adder poisons you!
Your Conjurations skill increases to level 3!
It was a potion of curing.
You feel better. The adder barely misses you. The adder bites you.
You are poisoned.
The adder poisons you! The adder misses you.
Casting: Shock (safe; 2% risk of failure)
Confirm with . or Enter, or press ? or * to list all spells.
Aiming: Shock (safe; 2% risk of failure)
Press: ? - help, Shift-Dir - straight line, f - adder
Aim: an adder (heavily wounded, 53% to hit)
The zap misses the adder.
You feel sick. The adder barely misses you. The adder closely misses you. x2
Unknown command.
Casting: Shock (safe; 2% risk of failure)
Confirm with . or Enter, or press ? or * to list all spells.
Aiming: Shock (safe; 2% risk of failure)
Press: ? - help, Shift-Dir - straight line, f/p - adder
Aim: an adder (heavily wounded, 53% to hit)
The zap hits the adder.
The adder is severely wounded.
You feel sick. The adder bites you.
* * * LOW HITPOINT WARNING * * *
The adder closely misses you.
You barely miss the adder. You claw the adder.
You kill the adder!
* * * LOW HITPOINT WARNING * * *
You feel sick. The adder bites you.
* * * LOW HITPOINT WARNING * * *
You are more poisoned.
The adder poisons you!
Your Spellcasting skill increases to level 3!
It was a potion of enlightenment.
You feel very buoyant.
You fly up into the air.
* * * LOW HITPOINT WARNING * * *
You feel sick. The adder misses you.
It was a potion of attraction.
You feel attractive to monsters.
You die...

#...........# #.........
##....#######
#####......... ###..#
####...).......
###..#########.....)...##'#
#............+......)..'..#
#.#..............†.....#
#.#.#.#######..........+
#.#.#.#~~~~†#..†.......#
#.#.#.#~~∩~~'.†@.......#
#.#.#.#~~~~~#..S.......#
#.#.#.#######..........#
..#.#..................#
#.#.#.#>####.........#
#.....#.# ###########
#####...########
#.#......... #.##.#######


You could see an adder.

Vanquished Creatures
  Terence (D:3)
  9 adders
  3 gnolls (D:3)
  A dart slug (D:2)
  A ribbon worm (D:2)
  3 orcs (D:3)
  2 bats (D:2)
  An endoplasm (D:2)
  3 giant cockroaches
  4 goblins (D:2)
  2 hobgoblins
  A quokka (D:2)
  4 ball pythons
  A frilled lizard (D:2)
  A kobold (D:2)
  2 rats
39 creatures vanquished.

Notes
Turn   | Place    | Note
-------+----------+-------------------------------------------
     0 | D:1      | PriceMaster the Tengu Air Elementalist began the quest for
                  | the Orb.
     0 | D:1      | Reached XP level 1. HP: 10/10 MP: 4/4
    88 | D:1      | You fall into a shaft and drop 1 floor!
   100 | D:2      | Reached XP level 2. HP: 15/15 MP: 1/6
   150 | D:2      | Found a faded altar of an unknown god.
   261 | D:2      | Reached skill level 5 in Air Magic
   261 | D:2      | Reached XP level 3. HP: 12/19 MP: 0/7
   363 | D:2      | Learned a level 3 spell: Swiftness
   679 | D:2      | Reached XP level 4. HP: 24/24 MP: 4/8
  1227 | D:3      | Found a glowing drain.
  1256 | D:3      | Noticed Terence
  1267 | D:3      | Killed Terence
  1268 | D:3      | Reached XP level 5. HP: 22/28 MP: 1/10
  1461 | D:3      | Reached skill level 6 in Air Magic
  1468 | D:3      | Succumbed to an adder's poison

Illustrated notes

Levels and vault maps discovered:
D:1:      beargit_arrival_greenhouse, layout_basic
D:2:      layout_rooms, ebering_ecumenical_altar_box, corexii_corridor_pit
D:3:      layout_basic, ebering_ghost_sewer_f, gup_sewer_entry_glass,
          uniq_terence

Skill      XL: |  1  2  3  4  5 |
---------------+----------------+-----
Air Magic      | 5 6 |  6.0
Conjurations   | 2 3 |  3.1
Spellcasting   | 3 |  3.0
Fighting       | |  0.2
Short Blades   | |  0.4
Dodging        | |  2.5
Stealth        | |  2.3

Action                     |  1- 3 |  4- 6 || total
---------------------------+-------+-------++-------
  Melee: Dagger            |    30 |    10 ||    40
         Peck              |     5 |     1 ||     6
         Kick              |     6 |     2 ||     8
   Cast: Shock             |    32 |    36 ||    68
         Swiftness         |     5 |     4 ||     9
    Use: Scroll            |     1 |     3 ||     4
         Potion            |       |     3 ||     3
 Armour: Robe              |    17 |    25 ||    42
  Dodge: Dodged            |    25 |    18 ||    43
